 Dungeon Crawl Stone Soup version 0.30-a0-394-g3e4acdb0ae (webtiles) character file.

Game seed: 9860155839877874385

550497 Monkooky the Blinker (level 23, -2/195 HPs)
             Began as a Demigod Delver on Dec 5, 2022.
             Slain by a tentacled monstrosity (5 damage)
             ... on level 2 of the Realm of Zot on Dec 6, 2022.
             The game lasted 04:01:54 (62979 turns).

Monkooky the Blinker (Demigod Delver)              Turns: 62979, Time: 04:01:55

Health: -2/195     AC: 36    Str: 21    XL:     23   Next: 87%
Magic:  24/47      EV: 16    Int: 20    God:
Gold:   4123       SH: 21    Dex: 41    Spells: 24/51 levels left

rFire   + + +      SeeInvis +    l - +9 sword of Zonguldrok {reap}
rCold   + + .      Faith    .    L - +2 kite shield {AC+3}
rNeg    . . .      Spirit   .    a - +10 gold dragon scales
rPois   +          Reflect  .    o - +1 helmet of Circular Logic {Stlth+}
rElec   +          Harm     .    W - +2 cloak {rCorr}
rCorr   +          Rampage  +    u - +1 pair of gloves of Uskayaw's Reproof {Fly}
Will    +++..                    w - +2 pair of boots
Stlth   ..........               p - amulet of Iffya {RegenMP Rampage rPois Dex+2}
HPRegen 0.52/turn                H - ring "Ykhaocw" {*Corrode rPois rF+ Str+8 SInv}
MPRegen 0.70/turn                P - ring "Tinnesuq" {Drain rPois EV+4 Int+4 Slay+2}

@: about to teleport, resistant, corroded, flying, constricted, studying 2
skills
A: high MP 1, forlorn, divine attributes, strong-willed 1, sense surroundings 1,
poison resistance
}: 3/15 runes: serpentine, barnacled, silver
a: no special abilities


You were on level 2 of the Realm of Zot.
You visited 11 branches of the dungeon, and saw 48 of its levels.
You also visited: Bailey, Ice Cave and Volcano.

You collected 8731 gold pieces.
You spent 4608 gold pieces at shops.

Inventory:

Hand Weapons
 l - the +9 sword of Zonguldrok (weapon) {reap}
   (You took it off a vampire on level 3 of the Crypt)

   Any living foe damaged by it may be reanimated upon death as a zombie
   friendly to the wielder, with an increasing chance as more damage is dealt.
 A - a +9 vampiric demon blade
Missiles
 b - 4 throwing nets
 F - 10 curare-tipped darts
Armour
 a - +10 gold dragon scales (worn)
 o - the +1 helmet of Circular Logic (worn) {Stlth+}
   (You found it on level 14 of the Dungeon)

   Stlth:     It makes you more stealthy.
 u - the +1 pair of gloves of Uskayaw's Reproof (worn) {Fly}
   (You found it on level 6 of the Dungeon)

   Fly:       It grants you flight.
 w - a +2 pair of boots (worn)
 L - a +2 kite shield of protection (worn)
 W - a +2 cloak of preservation (worn)
Jewellery
 p - the amulet of Iffya (around neck) {RegenMP Rampage rPois Dex+2}
   (You bought it in a shop on level 2 of the Snake Pit)

   [amulet of magic regeneration]

   It increases your rate of magic regeneration.
   Dex:       It affects your dexterity (+2).
   rPois:     It protects you from poison.
   Rampage:   It bestows one free step when moving towards enemies.
 H - the ring "Ykhaocw" (left hand) {*Corrode rPois rF+ Str+8 SInv}
   (You found it on level 2 of the Shoals)

   [ring of protection from fire]

   Str:       It affects your strength (+8).
   rF:        It protects you from fire.
   rPois:     It protects you from poison.
   SInv:      It lets you see invisible.
   *Corrode:  It may corrode you when you take damage.
 N - a ring of protection from cold
 P - the ring "Tinnesuq" (right hand) {Drain rPois EV+4 Int+4 Slay+2}
   (You found it on level 13 of the Dungeon)

   [ring of evasion]

   EV:        It affects your evasion (+4).
   Int:       It affects your intelligence (+4).
   Slay:      It affects your accuracy & damage with ranged weapons and melee
   (+2).
   rPois:     It protects you from poison.
   Drain:     It drains your maximum health when unequipped.
 S - a ring of fire
Wands
 g - a wand of digging (16)
 j - a wand of iceblast (52)
 q - a wand of mindburst (11)
 y - a wand of quicksilver (26)
 I - a wand of flame (81)
 Y - a wand of charming (37)
Scrolls
 c - 14 scrolls of fog
 d - 10 scrolls of magic mapping
 e - 7 scrolls of fear
 h - 5 scrolls of immolation
 n - 21 scrolls of teleportation
 t - 10 scrolls of vulnerability
 x - a scroll of silence
 O - 5 scrolls of poison
 Q - 5 scrolls of summoning
 U - 9 scrolls of blinking
Potions
 f - 3 potions of haste
 i - 18 potions of curing
 k - 4 potions of heal wounds
 m - 4 potions of mutation
 s - 5 potions of magic
 z - 6 potions of might
 B - 7 potions of cancellation
 C - 4 potions of invisibility
 G - 6 potions of brilliance
 J - 11 potions of lignification
 K - 3 potions of flight
 M - 4 potions of berserk rage
 R - a potion of resistance
 T - 3 potions of attraction
 X - 7 potions of ambrosia
Miscellaneous
 r - a phantom mirror
 v - a tin of tremorstones (inert)
 D - a lightning rod (3/4)
 E - a phial of floods
 V - a condenser vane (inert)
 Z - a box of beasts


   Skills:
 - Level 14.0 Fighting
 - Level 10.0(12.7) Short Blades
 - Level 12.6(14.0) Long Blades
 - Level 10.3 Ranged Weapons
 - Level 12.6 Armour
 - Level 13.3 Dodging
 - Level 9.1 Stealth
 - Level 15.0 Shields
 - Level 14.7 Spellcasting
 - Level 11.1 Conjurations
 - Level 16.7 Translocations
 + Level 13.2 Transmutations
 - Level 13.0 Air Magic
 - Level 11.6 Evocations


You had 24 spell levels left.
You knew the following spells:

 Your Spells              Type           Power      Damage    Failure   Level
a - Swiftness             Air            61%        N/A       7%          3
b - Vhi's Electric Charg  Tloc/Air       100%       N/A       3%          3
c - Apportation           Tloc           100%       N/A       1%          1
d - Lesser Beckoning      Tloc           100%       N/A       1%          3
e - Manifold Assault      Tloc           69%        N/A       4%          4
f - Passage of Golubria   Tloc           69%        N/A       4%          4
g - Passwall              Tmut/Erth      34%        N/A       43%         2
h - Irradiate             Conj/Tmut      29%        3d21      65%         5
i - Wereblood             Tmut           61%        N/A       3%          2

Your spell library contained the following spells:

 Spells                   Type           Power      Damage    Failure   Level
 Beastly Appendage        Tmut           100%       N/A       1%          1
 Gell's Gravitas          Tloc           69%        N/A       1%          3
 Teleport Other           Tloc           69%        N/A       1%          3
 Shock                    Conj/Air       100%       1d9       3%          1
 Magic Dart               Conj           100%       1d8       4%          1
 Static Discharge         Conj/Air       100%       2-7/arc   4%          2
 Searing Ray              Conj           100%       2d8       8%          2
 Iskenderun's Mystic Bla  Conj/Tloc      63%        2d13      16%         4
 Airstrike                Air            30%        2d(5-21)  22%         4
 Kindle Blastsparks       Fire/Tloc/Air  100%       2d18      24%         3
 Portal Projectile        Hex/Tloc       96%        N/A       41%         3
 Kiss of Death            Conj/Necr      100%       2d13      43%         1
 Blade Hands              Tmut           30%        N/A       50%         5
 Dispersal                Tloc           34%        N/A       58%         6
 Arcjolt                  Conj/Air       29%        1d39      65%         5
 Lightning Bolt           Conj/Air       29%        1d45      65%         5
 Spider Form              Tmut/Pois      41%        N/A       67%         3
 Iskenderun's Battlesphe  Conj           56%        2d11      80%         5
 Dazzling Flash           Conj/Hex       72%        N/A       82%         3
 Stone Arrow              Conj/Erth      72%        3d11      82%         3
 Ignite Poison            Fire/Tmut/Pois 32%        N/A       92%         3
 Petrify                  Tmut/Erth      41%        N/A       97%         4
 Summon Lightning Spire   Summ/Air       40%        N/A       97%         4
 Necrotise                Necr           56%        1d6       99%         1
 Sandblast                Erth           28%        2d8       99%         1
 Summon Small Mammal      Summ           56%        N/A       99%         1
 Fulminant Prism          Conj/Hex       18%        3d10      99%         4
 Sticky Flame             Conj/Fire      36%        2d6       99%         4
 Freezing Cloud           Conj/Ice/Air   23%        6-21      99%         5
 Conjure Ball Lightning   Conj/Air       29%        3x3d9     99%         6
 Ensorcelled Hibernation  Hex/Ice        28%        N/A       100%        2
 Sublimation of Blood     Necr           14%        N/A       100%        2
 Call Canine Familiar     Summ           14%        N/A       100%        3
 Confusing Touch          Hex            14%        N/A       100%        3
 Frozen Ramparts          Ice            28%        1d5       100%        3
 Ozocubu's Armour         Ice            14%        N/A       100%        3
 Summon Guardian Golem    Hex/Summ       14%        N/A       100%        3
 Tukima's Dance           Hex            14%        N/A       100%        3
 Anguish                  Hex/Necr       7%         N/A       100%        4
 Animate Dead             Necr           14%        N/A       100%        4
 Dispel Undead            Necr           14%        3d10      100%        4
 Leda's Liquefaction      Hex/Erth       7%         N/A       100%        4
 Summon Ice Beast         Ice/Summ       14%        N/A       100%        4
 Alistair's Intoxication  Tmut/Pois      27%        N/A       100%        5
 Borgnjor's Vile Clutch   Necr/Erth      7%         N/A       100%        5
 Fireball                 Conj/Fire      18%        3d9       100%        5
 Summon Mana Viper        Hex/Summ       14%        N/A       100%        5
 Eringya's Noxious Bog    Tmut/Pois      20%        N/A       100%        6
 Iron Shot                Conj/Erth      18%        9d4       100%        6
 Simulacrum               Ice/Necr       7%         N/A       100%        6
 Starburst                Conj/Fire      18%        6d7       100%        6
 Haunt                    Necr/Summ      7%         N/A       100%        7
 Malign Gateway           Summ/Tloc      24%        N/A       100%        7
 Orb of Destruction       Conj           28%        9d9       100%        7
 Ozocubu's Refrigeration  Ice            7%         4d9       100%        7
 Spellforged Servitor     Conj/Summ      18%        N/A       100%        7
 Storm Form               Tmut/Air       30%        N/A       100%        7
 Borgnjor's Revivificati  Necr           7%         N/A       100%        8
 Disjunction              Tloc           34%        N/A       100%        8
 Ignition                 Fire           7%         3d4       100%        8
 Infestation              Necr           7%         N/A       100%        8
 Maxwell's Capacitive Co  Air            30%        ∞         100%        8
 Necromutation            Tmut/Necr      20%        N/A       100%        8
 Summon Horrible Things   Summ           7%         N/A       100%        8
 Death's Door             Necr           7%         N/A       100%        9


Dungeon Overview and Level Annotations

Branches:
Dungeon (15/15)            Temple (1/1) D:4            Lair (5/5) D:10
 Shoals (4/4) Lair:3        Snake (4/4) Lair:3        Slime (0/5) Lair:5
    Orc (2/2) D:10            Elf (3/3) Orc:2        Vaults (5/5) D:14
  Crypt (3/3) Vaults:3       Tomb (0/3) Crypt:3      Depths (4/4) D:15
    Zot (2/5) Depths:4     Bailey (visited)           IceCv (visited)
Volcano (visited)

Shops:
D:6 :   Orc:2 ?!(*:   Shoals:1 ?   Shoals:2 =(*::   Snake:1 (   Snake:2 =*
Snake:3 =::(   Snake:4 (   Depths:1 :*   Depths:3 (

Portals:
Hell: Depths:2 Depths:3 Depths:4
Abyss: Depths:3
Pandemonium: Depths:2 Depths:3 Depths:4
Ziggurat: Depths:4

Annotations:
D:2 exclusion: downstairs
D:5 3 runed translucent doors, PyroL's ghost, amateur DENe
D:7 exclusion: door
D:8 exclusion: downstairs
D:9 1 transporter, tio's ghost, novice DsNe
D:10 exclusion: 2 downstairs
Lair:4 1 runed translucent door, exclusion: downstairs
Shoals:3 exclusion: downstairs
Shoals:4 Mara
Snake:3 exclusion: 2 downstairs
Elf:1 exclusion: downstairs
Elf:2 3 runed translucent doors
Vaults:2 3 runed translucent doors, Ygreuj's ghost, veteran DsFi
Depths:3 2 transporters, exclusion: downstairs
Zot:1 4 transporters


Innate Abilities, Weirdness & Mutations

You have an increased reservoir of magic. (+10% MP)
You shall have no god before yourself.
Your divine heritage dramatically boosts your attributes as you level up.
You are strong-willed. (Will+)
You passively map a small area around you.
Your system is resistant to poisons. (rPois)


Message History

The tentacled monstrosity explodes!
The fiery explosion engulfs the tentacled monstrosity!
The tentacled monstrosity resists.
Flame seeps out of the tentacled monstrosity.
The tentacled monstrosity is moderately wounded.
The fiery explosion engulfs the tentacled monstrosity!
The tentacled monstrosity resists.
Flame seeps out of the tentacled monstrosity.
The tentacled monstrosity is almost dead.
The fiery explosion engulfs the curse toe but does no damage.
The curse toe is lightly damaged.
The fiery explosion engulfs the tentacled monstrosity!
The tentacled monstrosity resists.
Flame seeps out of the tentacled monstrosity.
The tentacled monstrosity is heavily wounded.
The death cob explodes!
The fiery explosion engulfs the tentacled monstrosity!
The tentacled monstrosity resists.
The tentacled monstrosity explodes!
The fiery explosion engulfs the tentacled monstrosity!
The tentacled monstrosity resists.
Flame seeps out of the tentacled monstrosity.
The tentacled monstrosity is heavily wounded.
The fiery explosion engulfs the tentacled monstrosity!
The tentacled monstrosity resists.
Flame seeps out of the tentacled monstrosity.
The tentacled monstrosity is severely wounded.
The fiery explosion engulfs you! You resist.
* * * LOW HITPOINT WARNING * * *
The fiery explosion engulfs the curse toe.
The curse toe completely resists.
The curse toe is lightly damaged.
The death cob explodes!
You hear a sizzling sound!
The tentacled monstrosity is engulfed in blazing flames.
Flame seeps out of the tentacled monstrosity.
The tentacled monstrosity tentacle-slaps you!
* * * LOW HITPOINT WARNING * * *
The tentacled monstrosity tentacle-slaps you.
You die...

, * , ### , +
..# #.## * * *
, ,,* #ff, , *
, * #f# * * *
#@# *
#####X##### ,
*##.○.X§§...##
##...z°§§°...#.
, ,
#....§°§○§§....
.......§°§.....
, ,
#.§§§☼.☼°†.§°..
#☼§§...<...§§°+
,
......<8<..†...


You could see 2 tentacled monstrosities, a curse toe and 3 deathcaps.

Vanquished Creatures
  2 dread liches (Vaults:5)
  A juggernaut (Depths:4)
  Margery (Vaults:5)
  7 golden dragons
  Nikola (Snake:3)
  An electric golem (Zot:1)
  9 tentacled monstrosities
  A shard shrike zombie (Crypt:1)
  Zenata (Elf:3)
  Rupert (D:14)
  5 liches
  Jorgrun (Orc:2)
  A walking earthen tome (Depths:3)
  A walking frostbound tome (Depths:2)
  2 deep elf blademasters (Elf:3)
  2 deep elf master archers (Elf:3)
  Polyphemus (Shoals:2)
  A quicksilver dragon (Vaults:5)
  5 titans (Vaults:5)
  A kraken (Shoals:2)
  9 sphinxes
  Kirke (D:13)
  The ghost of Eweu the Fighter, an adept DjFE of Gozag (D:14)
  4 death cobs
  6 storm dragons
  9 tengu reavers
  6 shadow dragons
  Ilsuiw (Shoals:3)
  3 draconian monks
  5 nagarajas
  An azure jelly (IceCv)
  5 revenants
  2 draconian knights
  A fenstrider witch (shapeshifter) (Depths:4)
  11 fire giants
  8 frost giants
  Louise (Elf:3)
  5 draconian shifters
  2 draconian scorchers (Zot:1)
  3 deep elf sorcerers
  A spectral caustic shrike (Crypt:3)
  A cacodemon (Depths:2)
  2 iron dragons (Vaults:5)
  3 curse skulls
  A ghost moth (Zot:2)
  19 vault wardens
  3 orc warlords
  2 deep elf elementalists (Elf:3)
  23 very ugly things
  4 ghouls (Crypt:2)
  3 war gargoyles
  18 ironbound preservers
  3 draconian annihilators
  A draconian stormcaller (Zot:1)
  4 spriggan defenders
  2 quicksilver oozes (IceCv)
  9 ironbound thunderhulks
  A reaper (Crypt:3)
  2 juggernaut skeletons
  14 vampire knights
  20 stone giants
  4 deep elf annihilators
  3 green draconians
  4 black draconians
  11 deep elf demonologists
  7 red draconians
  2 purple draconians (Depths:4)
  8 white draconians
  7 spark wasps
  9 yellow draconians
  The ghost of Jocum the Warrior, a journeyman MiFi of Lugonu (D:14)
  8 deep elf death magi
  A blizzard demon (Depths:4)
  3 dire elephants
  5 ettins
  7 eidola
  11 merfolk impalers
  10 jiangshi
  Snorg (Orc:2)
  An entropy weaver (shapeshifter) (Elf:3)
  8 fire dragons
  3 merfolk javelineers
  2 entropy weavers
  14 yaktaur captains
  5 deep elf high priests
  6 great orbs of eyes
  A juggernaut simulacrum (Crypt:3)
  30 vault guards
  A salamander tyrant (Snake:1)
  A catoblepas (Shoals:2)
  5 hydras
  3 peacekeepers
  A caustic shrike simulacrum (Crypt:3)
  4 rakshasas
  2 spriggan zombies (Crypt:3)
  4 spriggan air magi
  12 ice dragons
  2 alligator snapping turtles
  5 ogre magi
  4 merfolk aquamancers
  The ghost of Dasearox the Geomancer, a journeyman DsFE of Vehumet (Lair:1)
  19 centaur warriors
  9 ironbound frosthearts
  A satyr (Shoals:3)
  3 merfolk avatars
  4 death knights
  13 two-headed ogres
  11 boulder beetles
  10 dancing weapons
  5 deep troll shamans
  12 anacondas
  7 tengu warriors
  13 naga warriors
  7 deep troll earth magi
  2 death yaks (Shoals:2)
  A spectral naga (Crypt:3)
  10 shock serpents
  11 naga sharpshooters
  3 storm dragon zombies (Crypt:3)
  7 spriggan berserkers
  11 vampire magi
  A sun demon (Depths:4)
  A quicksilver ooze zombie (Crypt:3)
  14 deep elf knights
  5 spriggans
  13 hell knights
  Sonja (Lair:5)
  A soul eater (Crypt:2)
  2 salamander mystics
  2 shadow wraiths
  3 goliath frogs (Lair:5)
  A sixfirhy (Depths:2)
  A spectral bunyip (Crypt:3)
  A golden dragon zombie (Crypt:3)
  3 skeletal warriors (Crypt:3)
  5 glowing orange brains
  A steelbarb worm (shapeshifter) (Elf:1)
  8 iron trolls
  A deep troll (shapeshifter) (Vaults:3)
  70 deep trolls
  4 naga ritualists
  15 sea snakes
  A spectral hydra (Crypt:3)
  6 flayed ghosts
  13 ironbound convokers
  6 wizards
  An orange crystal statue (Elf:3)
  6 necromancers
  A wolf spider zombie (D:15)
  7 deep elf archers
  2 bunyip skeletons (Crypt:3)
  17 phantasmal warriors
  A golden dragon skeleton (Depths:1)
  A spectral iron dragon (Crypt:3)
  9 lindwurms
  A tengu zombie (Vaults:3)
  An anaconda skeleton (Crypt:3)
  32 harpies
  A shadow dragon skeleton (Crypt:2)
  25 deep elf pyromancers
  16 deep elf zephyrmancers
  39 ugly things
  An iron dragon zombie (Crypt:3)
  7 mana vipers
  8 orc knights
  17 manticores
  2 stone giant zombies
  12 cyclopes
  A broodmother zombie (Crypt:1)
  18 fauns
  A frost giant zombie (Vaults:2)
  34 black mambas
  2 spectral centaurs (Crypt:3)
  6 salamanders
  14 moths of wrath
  A naga zombie (Crypt:3)
  9 guardian serpents
  A dire elephant zombie (Crypt:3)
  24 vault sentinels
  A frost giant skeleton (Depths:1)
  Maurice (Orc:2)
  A titan simulacrum (Vaults:3)
  A black mamba (shapeshifter) (D:14)
  2 water nymphs (Shoals:4)
  15 naga magi
  A fire giant skeleton (Depths:1)
  A torpor snail (Lair:5)
  5 merfolk sirens
  3 ice statues (IceCv)
  A rust devil (Depths:2)
  2 molten gargoyles (Volcano)
  A smoke demon (Volcano)
  3 gargoyles
  A yaktaur zombie (Vaults:2)
  14 cane toads
  2 centaur skeletons
  A white draconian zombie (Zot:1)
  7 komodo dragons
  3 rime drakes
  A swamp worm zombie (Crypt:2)
  An iron giant simulacrum (Crypt:3)
  5 unseen horrors
  28 yaktaurs
  A kobold demonologist (D:11)
  8 freezing wraiths
  2 ice devils (Lair:3)
  6 red devils
  3 tengu conjurers
  A death drake zombie (Crypt:1)
  An anaconda simulacrum (Crypt:3)
  2 harpy zombies (Crypt:3)
  A hydra zombie (Crypt:1)
  A queen bee (D:14)
  A catoblepas skeleton (Crypt:3)
  A hellwing (Depths:4)
  A queen bee (shapeshifter) (Elf:2)
  5 wind drakes
  6 trolls
  16 merfolk
  9 meliai
  3 polar bears
  2 tyrant leeches (Lair:5)
  2 harpy skeletons
  A troll (shapeshifter) (D:14)
  5 hornets
  Prince Ribbit (D:7)
  3 ettin zombies
  A polar bear (shapeshifter) (Depths:4)
  29 blink frogs
  A raiju (shapeshifter) (D:13)
  8 large abominations (Depths:3)
  11 dream sheep
  7 snapping turtles
  Sigmund (D:3)
  47 slime creatures
  A black mamba zombie (Crypt:3)
  A jumping spider (Vaults:4)
  3 shadows
  6 wyverns
  26 vampires (Crypt:3)
  2 fire dragon skeletons (Crypt:3)
  11 water elementals
  2 fire bats (Volcano)
  A naga simulacrum (Crypt:3)
  2 ynoxinuls
  4 fire elementals (Elf:3)
  47 yaks
  4 basilisks
  A human (shapeshifter) (Vaults:4)
  16 humans (D:14)
  4 wraiths
  An alligator snapping turtle simulacrum (Crypt:3)
  A chaos spawn (Depths:3)
  2 neqoxecs
  6 redbacks
  10 vampire mosquitoes
  2 wargs
  39 nagas
  A swamp worm (D:9)
  2 acid dragons
  25 water moccasins
  A faun skeleton (Crypt:2)
  A two-headed ogre skeleton (Crypt:1)
  A floating eye (shapeshifter) (Vaults:4)
  A sky beast (D:7)
  A naga skeleton (Crypt:3)
  2 black bears
  3 great orb of eyes simulacra (IceCv)
  A lindwurm zombie (Crypt:2)
  23 orc warriors
  An ettin simulacrum (Vaults:3)
  An ice beast (D:6)
  A cane toad skeleton (Crypt:2)
  3 boggarts (Vaults:1)
  16 wolves
  An elephant zombie (Crypt:2)
  4 small abominations (Depths:3)
  21 ogres
  7 centaurs
  A blink frog skeleton (Crypt:2)
  A phantom (D:4)
  7 kobold brigands
  4 slime creature simulacra (IceCv)
  22 bullfrogs
  A rime drake skeleton (Crypt:3)
  5 scorpions
  A necrophage (Crypt:2)
  A wyvern zombie (Crypt:3)
  An ogre simulacrum (Vaults:2)
  2 glowing shapeshifter simulacra (IceCv)
  An earth elemental (Elf:2)
  A salamander skeleton (Crypt:2)
  4 jellies (D:4)
  19 killer bees
  2 electric eels (D:14)
  4 howler monkeys
  A warg skeleton (Crypt:3)
  A wolf zombie (Crypt:3)
  3 lava snakes (Volcano)
  5 centaur zombies
  A hound (D:4)
  6 orc priests
  2 iguanas
  A human skeleton (Crypt:3)
  A black bear skeleton (Crypt:1)
  14 orc wizards
  A boggart skeleton (Crypt:1)
  3 shapeshifter simulacra (IceCv)
  2 hound zombies
  A deep dwarf skeleton (Crypt:3)
  20 gnolls
  10 adders
  A swamp drake skeleton (Crypt:2)
  2 shadow imps
  2 white imps
  2 ufetubi (D:6)
  An iguana skeleton (Crypt:3)
  3 worms
  5 dart slugs
  68 orcs
  7 ball pythons
  5 bats
  10 endoplasms
  3 giant cockroaches
  14 hobgoblins
  3 jackals (D:1)
  18 kobolds
  2 quokkas
  12 frilled lizards
  23 goblins
  3 rats (D:3)
  4 tentacles (Shoals:2)
2072 creatures vanquished.

Vanquished Creatures (collateral kills)
  Sojobo (Vaults:2)
  Saint Roka (Snake:4)
  A draconian shifter (Zot:1)
  A green draconian (Zot:1)
  A red draconian (Zot:1)
  An ogre mage (Orc:2)
  3 two-headed ogres (Orc:2)
  A death yak (Lair:4)
  An apocalypse crab (Shoals:2)
  A wraith (Crypt:1)
  6 ogres (Orc:2)
18 creatures vanquished.

Vanquished Creatures (others)
  A very ugly thing (Vaults:2)
  A black draconian (Zot:1)
  A deep elf pyromancer (Elf:2)
  A faun (Shoals:4)
  2 draconian zombies (Zot:1)
  2 moths of wrath
  A green draconian zombie (Zot:1)
  3 white draconian zombies (Zot:1)
  A tengu conjurer (D:14)
  4 moth of wrath zombies (Zot:1)
  A water elemental (D:14)
  A kobold (D:11)
  33 fungi
  290 plants
  12 tentacles (Shoals:2)
354 creatures vanquished.

Grand Total: 2444 creatures vanquished

Notes
Turn   | Place    | Note
-------+----------+-------------------------------------------
     0 | D:5      | Monkooky the Demigod Delver began the quest for the Orb.
     0 | D:5      | Reached XP level 1. HP: 18/18 MP: 3/3
     8 | D:4      | Noticed a howler monkey
    29 | D:4      | Found a staircase to the Ecumenical Temple.
    39 | Temple   | Entered the Ecumenical Temple
   206 | D:4      | Noticed a jelly
   370 | D:1      | Reached XP level 2. HP: 11/25 MP: 4/4
   591 | D:1      | Reached skill level 5 in Stealth
   824 | D:2      | Reached skill level 1 in Evocations
   824 | D:2      | Reached XP level 3. HP: 27/30 MP: 5/5
  1687 | D:3      | Noticed Sigmund
  1695 | D:2      | Reached XP level 4. HP: 36/37 MP: 6/6
  1739 | D:3      | Learned a level 3 spell: Swiftness
  1913 | D:3      | Reached skill level 1 in Air Magic
  2092 | D:3      | Identified the +10 dagger of Peace {freeze, Int-3 Dex+6}
  2619 | D:3      | Killed Sigmund
  2620 | D:3      | Reached XP level 5. HP: 44/44 MP: 7/7
  2685 | D:4      | Reached XP level 6. HP: 40/50 MP: 8/8
  2726 | D:4      | Reached skill level 5 in Short Blades
  3009 | D:4      | Reached XP level 7. HP: 40/56 MP: 9/9
  3725 | D:5      | HP: 1/56 [something (7)]
  3727 | D:5      | Killed an unseen horror
  3728 | D:5      | Reached XP level 8. HP: 3/62 MP: 10/10
  3852 | D:5      | Found a runed translucent gate.
  3852 | D:5      | Found a runed translucent gate.
  3852 | D:5      | Found a runed translucent gate.
  3852 | D:5      | Noticed PyroL's ghost (amateur DENe)
  4433 | D:6      | Identified the +1 pair of gloves of Uskayaw's Reproof {Fly}
  4482 | D:6      | Found Ceicw's Self-Improvement Boutique.
  4909 | D:7      | Reached skill level 10 in Short Blades
  4911 | D:7      | Noticed a troll
  4930 | D:7      | Killed a troll
  4931 | D:7      | Reached skill level 1 in Armour
  5131 | D:7      | Reached XP level 9. HP: 70/71 MP: 11/11
  5262 | D:7      | Noticed Prince Ribbit
  5265 | D:7      | Killed Prince Ribbit
  5432 | D:7      | Noticed a manticore
  5432 | D:7      | Noticed a boulder beetle
  6132 | D:9      | Found a flagged portal.
  6163 | Bailey   | Entered a bailey
  6198 | Bailey   | Reached skill level 5 in Fighting
  6323 | Bailey   | Reached skill level 5 in Dodging
  6592 | Bailey   | Noticed an orc knight
  6648 | Bailey   | Killed an orc knight
  6742 | Bailey   | Noticed an orc knight
  6833 | Bailey   | Killed an orc knight
  6834 | Bailey   | Reached XP level 10. HP: 61/83 MP: 13/13
  6878 | Bailey   | Noticed an orc warlord
  6889 | Bailey   | Killed an orc warlord
  6890 | Bailey   | Reached skill level 5 in Evocations
  6942 | Bailey   | Identified the +1 mace "Qagaga" {flame, *Corrode rPois rC+
                  | Will++}
  6967 | Bailey   | Reached skill level 10 in Evocations
  6967 | Bailey   | Reached XP level 11. HP: 89/89 MP: 14/14
  7232 | D:9      | Noticed Erica
  7829 | D:9      | Found a transporter.
  7831 | D:9      | Noticed a two-headed ogre
  7832 | D:9      | Noticed tio's ghost (novice DsNe)
  7835 | D:9      | Noticed a two-headed ogre
  7836 | D:9      | Identified the +8 great mace "Exuaruhu" {holy, Fragile
                  | rF+++ rN++ Int-2}
  7836 | D:9      | Noticed a two-headed ogre
  8007 | D:9      | Erica changed into Erica the swamp worm
  8007 | D:9      | Noticed Erica
  8014 | D:9      | Killed Erica the swamp worm
  8115 | D:10     | Entered Level 10 of the Dungeon
  8129 | D:10     | Found a staircase to the Orcish Mines.
  8168 | D:10     | Reached skill level 1 in Long Blades
  8318 | D:10     | Found a staircase to the Lair.
  8785 | D:11     | Noticed an ice dragon
  8792 | D:11     | Noticed a boulder beetle
  9077 | D:11     | Noticed a centaur warrior
  9082 | D:11     | Noticed a tengu warrior
  9104 | D:11     | Killed a centaur warrior
  9105 | D:11     | Reached skill level 5 in Long Blades
  9105 | D:11     | Reached XP level 12. HP: 96/96 MP: 15/15
  9178 | D:11     | Noticed a five-headed hydra
  9226 | D:11     | Killed a one-headed hydra
  9354 | Orc:1    | Entered Level 1 of the Orcish Mines
  9497 | Lair:1   | Entered Level 1 of the Lair of Beasts
  9497 | Lair:1   | Noticed Dasearox's ghost (journeyman DsFE)
  9497 | Lair:1   | Noticed a nine-headed hydra
  9497 | Lair:1   | Noticed an 11-headed hydra
  9497 | Lair:1   | Found a runed translucent gate.
  9497 | Lair:1   | Found a runed translucent gate.
  9497 | Lair:1   | Found a runed translucent gate.
  9845 | Lair:1   | Found a dark tunnel.
  9853 | Volcano  | Entered a volcano
 11066 | Lair:2   | Noticed a boulder beetle
 11105 | Lair:2   | Killed a boulder beetle
 11338 | Lair:2   | You fall into a shaft and drop 1 floor!
 11453 | Lair:3   | Found a staircase to the Shoals.
 11662 | Lair:3   | Found a frozen archway.
 11689 | IceCv    | Entered an ice cave
 11818 | IceCv    | Reached XP level 13. HP: 105/105 MP: 16/16
 11887 | IceCv    | Reached skill level 10 in Long Blades
 12109 | IceCv    | Noticed a quicksilver ooze
 12263 | IceCv    | Killed a quicksilver ooze
 12998 | IceCv    | Noticed a quicksilver ooze
 13001 | IceCv    | Noticed an azure jelly
 13008 | IceCv    | Killed a quicksilver ooze
 13123 | IceCv    | Killed an azure jelly
 13141 | IceCv    | Identified the amulet of Tiettie {Faith Str+2}
 13160 | IceCv    | Got the ring of Bogrurch {Ice Will- Str+7 Dex+6}
 13478 | Lair:3   | Found a staircase to the Snake Pit.
 13724 | Lair:3   | Identified the +2 pair of boots of Existentialism {-Cast
                  | Rampage rPois}
 14250 | Lair:2   | Reached skill level 1 in Ranged Weapons
 14753 | D:11     | Reached skill level 5 in Ranged Weapons
 15848 | Lair:4   | Reached XP level 14. HP: 113/113 MP: 17/17
 16364 | Lair:4   | Found a runed translucent door.
 16754 | D:6      | Bought a manual of Fighting for 1120 gold pieces
 17106 | Lair:5   | Entered Level 5 of the Lair of Beasts
 17491 | Lair:5   | Reached skill level 10 in Fighting
 18148 | Lair:5   | Found a staircase to the Slime Pits.
 18777 | Orc:2    | Entered Level 2 of the Orcish Mines
 18821 | Orc:2    | Noticed Snorg
 18827 | Orc:2    | Killed Snorg
 18850 | Orc:2    | Found Raudwihu's Magic Scroll Boutique.
 18860 | Orc:2    | Bought a scroll of identify for 26 gold pieces
 18860 | Orc:2    | Bought a scroll of identify for 26 gold pieces
 18860 | Orc:2    | Bought a scroll of identify for 26 gold pieces
 18860 | Orc:2    | Bought a scroll of identify for 26 gold pieces
 18860 | Orc:2    | Bought a scroll of identify for 26 gold pieces
 18906 | Orc:2    | Noticed Jorgrun
 18910 | Orc:2    | Killed Jorgrun
 18965 | Orc:2    | Found a staircase to the Elven Halls.
 19122 | Orc:2    | Reached skill level 10 in Ranged Weapons
 19143 | Orc:2    | Reached XP level 15. HP: 74/137 MP: 18/18
 19245 | Orc:2    | Found Atumushri's Assorted Antiques.
 19245 | Orc:2    | Found Kotik's Book Shop.
 19246 | Orc:2    | Found Fasish's Distillery.
 19246 | Orc:2    | Found Xanesoa's Weapon Emporium.
 19261 | Orc:2    | Bought a potion of flight for 45 gold pieces
 19507 | Orc:2    | Noticed Maurice
 19522 | Orc:2    | Killed Maurice
 20373 | D:12     | Identified the +9 long sword of Doubt {freeze, Fly rC+}
 20981 | D:13     | Noticed Kirke
 21001 | D:13     | Killed Kirke
 21008 | D:13     | Identified the ring "Tinnesuq" {Drain rPois EV+4 Int+4
                  | Slay+2}
 21551 | D:14     | Reached skill level 10 in Dodging
 21788 | D:14     | Upgraded the game from 0.30-a0-393-g54b8e3be05 to
                  | 0.30-a0-394-g3e4acdb0ae
 21992 | D:14     | Noticed Rupert
 22003 | D:14     | Killed Rupert
 22027 | D:14     | Found a gate to the Vaults.
 22217 | D:14     | Found a runed translucent gate.
 22217 | D:14     | Found a runed translucent gate.
 22217 | D:14     | Found a runed translucent gate.
 22393 | D:14     | Noticed Eweu's ghost (adept DjFE)
 22394 | D:14     | Noticed Jocum's ghost (journeyman MiFi)
 22394 | D:14     | Noticed a lich
 22394 | D:14     | Noticed a lich
 22394 | D:14     | Noticed a lich
 22812 | D:15     | Entered Level 15 of the Dungeon
 22877 | D:15     | Found a staircase to the Depths.
 23126 | D:15     | Identified the +11 short sword of Gallantry {vorpal, Str+2
                  | Int+4}
 23138 | D:15     | Reached skill level 5 in Armour
 24050 | Shoals:1 | Entered Level 1 of the Shoals
 24050 | Shoals:1 | Found Niapaxis's Magic Scroll Shop.
 24845 | Shoals:2 | Found Poup's Jewellery Emporium.
 24860 | Shoals:2 | Found Terar's Antique Weapon Emporium.
 24971 | Shoals:2 | Reached XP level 16. HP: 142/145 MP: 19/19
 25132 | Shoals:2 | Noticed Polyphemus
 25161 | Shoals:2 | Found Metsegh's Book Boutique.
 25253 | Shoals:2 | Found Xanuxaal's Book Shop.
 25293 | Shoals:2 | Found Odeqamn's General Store.
 25509 | Shoals:2 | Noticed a kraken
 25763 | Shoals:2 | Killed a kraken
 25889 | Shoals:2 | Noticed a tentacled monstrosity
 25892 | Shoals:2 | Paralysed by you for 3 turns
 25941 | Shoals:2 | Killed a tentacled monstrosity
 26113 | Shoals:2 | Identified the ring "Ykhaocw" {*Corrode rPois rF+ Str+8
                  | SInv}
 26117 | Shoals:2 | Got the Incunabulum of Mad Ravings
 26426 | Shoals:2 | Killed Polyphemus
 26546 | Shoals:2 | Got Sif Muna's Atlas of Non-Euclidean Evil
 26842 | Orc:2    | Bought a +8 vampiric demon blade for 1479 gold pieces
 27129 | Shoals:3 | Reached skill level 1 in Shields
 27140 | Shoals:3 | Noticed Ilsuiw
 27228 | Shoals:3 | Killed Ilsuiw
 27638 | Shoals:3 | Reached skill level 5 in Shields
 27764 | Shoals:4 | Entered Level 4 of the Shoals
 28182 | Shoals:4 | Got a barnacled rune of Zot
 28400 | Shoals:4 | Reached XP level 17. HP: 118/151 MP: 20/20
 28428 | Shoals:4 | Identified the +5 rapier "Qiraepso" {freeze, *Rage Dex+2
                  | Stlth+}
 28428 | Shoals:4 | Noticed Mara
 28789 | Elf:1    | Entered Level 1 of the Elven Halls
 28988 | Lair:5   | Noticed Sonja
 28998 | Lair:5   | Killed Sonja
 29135 | Snake:1  | Entered Level 1 of the Snake Pit
 29323 | Snake:1  | You fall into a shaft and drop 1 floor!
 29798 | Lair:5   | Learned a level 3 spell: Vhi's Electric Charge
 29800 | Lair:5   | Learned a level 1 spell: Apportation
 29804 | Lair:5   | Learned a level 3 spell: Lesser Beckoning
 29809 | Lair:5   | Learned a level 4 spell: Manifold Assault
 30018 | Snake:1  | Found Ekashan's Weapon Shop.
 30037 | Snake:1  | Reached skill level 1 in Translocations
 30174 | Snake:1  | Reached skill level 1 in Spellcasting
 30801 | Snake:2  | Reached skill level 2 in Translocations
 31035 | Snake:2  | Found Samorhim's Jewellery Emporium.
 31184 | Snake:2  | Reached skill level 3 in Translocations
 31347 | Snake:2  | Found Radoleeh's Assorted Antiques.
 31358 | Snake:2  | Bought a glittering emerald amulet for 140 gold pieces
 31358 | Snake:2  | Identified the amulet of Iffya {RegenMP Rampage rPois
                  | Dex+2} (You bought it in a shop on level 2 of the Snake
                  | Pit)
 31957 | Snake:3  | Found Beleciq's Antique Weapon Emporium.
 31991 | Snake:3  | Noticed Nikola
 32038 | Snake:3  | Killed Nikola
 32039 | Snake:3  | Reached skill level 4 in Translocations
 32391 | Snake:3  | Reached skill level 5 in Translocations
 32428 | Snake:3  | Found Ohe Wel's Jewellery Shop.
 32429 | Snake:3  | Found Denoekib's Book Emporium.
 32429 | Snake:3  | Found Depotog's Book Emporium.
 32553 | Snake:4  | Entered Level 4 of the Snake Pit
 32675 | Snake:4  | Identified a scroll of acquirement
 32777 | Snake:4  | Reached skill level 6 in Translocations
 32831 | Snake:4  | Acquired 641 gold pieces
 32893 | Snake:4  | Noticed Saint Roka
 33147 | Snake:4  | Killed Saint Roka
 33351 | Snake:4  | Found Cumaacvi's Weapon Boutique.
 33872 | Snake:4  | Reached skill level 7 in Translocations
 33872 | Snake:4  | Reached skill level 5 in Air Magic
 33988 | Snake:4  | Reached XP level 18. HP: 156/159 MP: 29/29
 34172 | Snake:4  | Reached skill level 5 in Spellcasting
 34172 | Snake:4  | Reached skill level 8 in Translocations
 34227 | Snake:4  | Got a serpentine rune of Zot
 34769 | Elf:1    | Got Xyhuash's Parchment of Calling
 35723 | D:6      | Bought a manual of Shields for 1120 gold pieces
 36161 | Elf:2    | Reached skill level 10 in Shields
 36476 | Elf:2    | Found a runed translucent gate.
 36476 | Elf:2    | Found a runed translucent gate.
 36481 | Elf:2    | Found a runed translucent gate.
 37406 | D:14     | Killed Jocum's ghost
 37412 | D:14     | Killed Eweu's ghost
 37425 | D:14     | Identified the +1 helmet of Circular Logic {Stlth+}
 37446 | D:14     | Identified the ring of Wu Jian's Inspiration {rCorr Int+2}
 37806 | Lair:1   | Killed Dasearox's ghost
 37980 | Vaults:1 | Entered Level 1 of the Vaults
 38147 | Vaults:1 | Reached skill level 15 in Shields
 38590 | Vaults:1 | Reached XP level 19. HP: 85/167 MP: 31/31
 38634 | Vaults:1 | Reached skill level 10 in Air Magic
 39872 | Vaults:2 | Noticed Sojobo
 39874 | Vaults:2 | Reached skill level 9 in Translocations
 39902 | Vaults:2 | Paralysed by an air elemental for 1 turns
 39907 | Vaults:2 | Killed Sojobo
 40285 | Vaults:2 | Paralysed by a sphinx for 5 turns
 40297 | Vaults:2 | Reached skill level 10 in Translocations
 40339 | Vaults:2 | Learned a level 4 spell: Passage of Golubria
 40556 | Vaults:2 | Reached skill level 11 in Translocations
 40660 | Vaults:2 | Found a runed translucent gate.
 40660 | Vaults:2 | Found a runed translucent gate.
 40660 | Vaults:2 | Found a runed translucent gate.
 40664 | Vaults:2 | Noticed Ygreuj's ghost (veteran DsFi)
 41205 | Vaults:3 | Reached skill level 12 in Translocations
 41579 | Vaults:3 | Learned a level 2 spell: Passwall
 41585 | Vaults:3 | Learned a level 5 spell: Irradiate
 41783 | Vaults:3 | Reached skill level 13 in Translocations
 41788 | Vaults:3 | Reached XP level 20. HP: 174/174 MP: 6/32
 42045 | Vaults:3 | Found a staircase to the Crypt.
 43095 | Elf:3    | Entered Level 3 of the Elven Halls
 43462 | Elf:3    | Noticed Louise
 43480 | Elf:3    | Killed Louise
 43495 | Elf:3    | Noticed Zenata
 43512 | Elf:3    | Killed Zenata
 43852 | Elf:3    | Identified the +8 spear "Funuhy" {holy, Fragile MP+9 Str+5
                  | Dex+4}
 43988 | Elf:3    | Identified the +10 shortbow of Ygedd {drain, rC+ Will-
                  | Str+6}
 44053 | Elf:3    | Identified the +0 ring mail "Seshokoj" {rF- rC+ Int+3}
 44814 | Vaults:4 | Paralysed by a great orb of eyes for 5 turns
 45499 | Vaults:4 | Reached skill level 10 in Spellcasting
 45571 | Vaults:4 | Reached skill level 1 in Conjurations
 45571 | Vaults:4 | Reached skill level 1 in Transmutations
 45768 | Vaults:5 | Entered Level 5 of the Vaults
 45846 | Vaults:5 | Noticed a golden dragon
 45879 | Vaults:5 | Killed a golden dragon
 45978 | Vaults:5 | Identified the +1 robe of Rucycs {rN+++ rCorr Str-2 Int-4}
 46031 | Vaults:5 | Noticed a golden dragon
 46052 | Vaults:5 | Killed a golden dragon
 46102 | Vaults:5 | Noticed a golden dragon
 46111 | Vaults:5 | Killed a golden dragon
 46140 | Vaults:5 | Reached skill level 5 in Conjurations
 46140 | Vaults:5 | Reached skill level 5 in Transmutations
 46187 | Vaults:5 | Reached XP level 21. HP: 181/181 MP: 36/40
 46314 | Vaults:5 | Noticed a dread lich
 46327 | Vaults:5 | Killed a dread lich
 46483 | Vaults:5 | Noticed a dread lich
 46487 | Vaults:5 | Noticed a golden dragon
 46744 | Vaults:5 | Killed a dread lich
 46823 | Vaults:5 | Got a silver rune of Zot
 46827 | Vaults:5 | Identified the +2 leather armour "Vucaluor" {Int+3}
 47069 | Vaults:5 | Got the Vellum of Illusion and Ice
 47118 | Vaults:5 | Identified the ring "Asoivoex" {rPois Int+3 SInv}
 47259 | Vaults:5 | Noticed Margery
 47272 | Vaults:5 | Killed Margery
 47747 | Vaults:5 | Killed a golden dragon
 47919 | Vaults:5 | Identified the +7 morningstar of Jeeren {drain, rElec}
 48199 | Depths:1 | Entered Level 1 of the Depths
 48229 | Depths:1 | Found Cenac's Assorted Antiques.
 48229 | Depths:1 | Found Hoinlor's Book Shop.
 48262 | Depths:1 | You are sucked into a shaft and drop 1 floor!
 48526 | Depths:2 | Found a gateway to Hell.
 48784 | Depths:2 | Reached skill level 10 in Conjurations
 48784 | Depths:2 | Reached skill level 10 in Transmutations
 49263 | Depths:2 | Gained mutation: You are vulnerable to heat. (rF-) [a
                  | cacodemon]
 49285 | Depths:2 | Reached XP level 22. HP: 189/189 MP: 28/41
 49285 | Depths:2 | Found a one-way gate leading to the halls of Pandemonium.
 49750 | Depths:1 | HP: 5/189 [fire giant/fireball (102)]
 50111 | D:15     | Lost mutation: You are vulnerable to heat. (rF-) [potion of
                  | mutation]
 50111 | D:15     | Gained mutation: Your body sometimes deteriorates upon
                  | taking damage. [potion of mutation]
 51193 | Depths:3 | Found a transporter.
 51196 | Depths:3 | Found a transporter.
 51207 | Depths:3 | Found a one-way gate to the infinite horrors of the Abyss.
 52087 | Orc:2    | Bought a scroll of teleportation for 39 gold pieces
 52087 | Orc:2    | Bought a scroll of enchant armour for 97 gold pieces
 52292 | Shoals:2 | Bought a scroll of teleportation for 36 gold pieces
 52292 | Shoals:2 | Bought a potion of might for 48 gold pieces
 52292 | Shoals:2 | Bought 2 scrolls of enchant armour for 180 gold pieces
 52292 | Shoals:2 | Bought a scroll of silence for 114 gold pieces
 52292 | Shoals:2 | Bought a potion of berserk rage for 60 gold pieces
 52722 | Depths:3 | Found Herph's Weapon Emporium.
 53015 | Depths:4 | Entered Level 4 of the Depths
 53504 | Depths:4 | Noticed a juggernaut
 53517 | Depths:4 | Killed a juggernaut
 53960 | Depths:4 | Found a one-way gateway to a ziggurat.
 54204 | Depths:4 | Reached skill level 14 in Translocations
 55064 | Depths:4 | Found a gate to the Realm of Zot.
 55522 | Crypt:1  | Entered Level 1 of the Crypt
 57239 | Crypt:1  | Reached skill level 10 in Armour
 57782 | Crypt:2  | Acquired a book of Changes
 57801 | Crypt:2  | Reached XP level 23. HP: 187/195 MP: 47/47
 57973 | Crypt:2  | Acquired 1082 gold pieces
 58410 | Crypt:3  | Entered Level 3 of the Crypt
 58748 | Crypt:3  | Found a staircase to the Tomb.
 58860 | Crypt:3  | Paralysed by a vampire knight for 4 turns
 59182 | Crypt:3  | Reached skill level 15 in Translocations
 59893 | Crypt:3  | Identified the +6 arbalest of Gozag, Fortifying {antimagic,
                  | rPois rCorr Str-5 Int+2}
 60155 | Crypt:3  | Identified the +9 morningstar "Pendulum" {venom, Dex+3}
 60536 | Crypt:3  | Reached skill level 16 in Translocations
 60885 | Vaults:3 | HP: 9/195 [flayed ghost/flay_damage[a curse skull] (1)]
 60888 | Vaults:3 | HP: 4/195 [??? (1)]
 61488 | Zot:1    | Entered Level 1 of the Realm of Zot
 61617 | Depths:4 | Lost mutation: Your body sometimes deteriorates upon taking
                  | damage. [potion of mutation]
 61617 | Depths:4 | Gained mutation: You are weak. (Str -2) [potion of
                  | mutation]
 61617 | Depths:4 | Gained mutation: Your system is resistant to poisons.
                  | (rPois) [potion of mutation]
 61617 | Depths:4 | Gained mutation: You have a pair of small horns on your
                  | head. [potion of mutation]
 61618 | Depths:4 | Lost mutation: You are weak. (Str -2) [potion of mutation]
 61618 | Depths:4 | Lost mutation: You have a pair of small horns on your head.
                  | [potion of mutation]
 61618 | Depths:4 | Lost mutation: Your system is resistant to poisons. (rPois)
                  | [potion of mutation]
 61618 | Depths:4 | Gained mutation: You are strong-willed. (Will+) [potion of
                  | mutation]
 61618 | Depths:4 | Gained mutation: You passively map a small area around you.
                  | [potion of mutation]
 61618 | Depths:4 | Gained mutation: Your system is resistant to poisons.
                  | (rPois) [potion of mutation]
 61628 | Depths:4 | Learned a level 2 spell: Wereblood
 61853 | Zot:1    | Identified the +7 war axe of the Firefly {vorpal, rF+}
 62461 | Zot:1    | Found a transporter.
 62647 | Zot:1    | Found a transporter.
 62727 | Zot:1    | Found a transporter.
 62763 | Zot:1    | Found a transporter.
 62979 | Zot:2    | HP: 3/195 [tentacled monstrosity (8)]
 62979 | Zot:2    | Slain by a tentacled monstrosity

Illustrated notes

Levels and vault maps discovered:
D:1:      giann_horns, layout_loops_ring, minmay_lizard_king
D:2:      layout_rooms
D:3:      minmay_bubble_buster, layout_loops_corners, okawaru_gym_becter,
          uniq_sigmund
D:4:      nicolae_cairo_tiling_very_big, layout_gridville,
          minmay_temple_entry_enclosed_plants
D:5:      layout_basic, mainiacjoe_overflow_chevrons,
          nicolae_yredelemnul_ghost_church
D:6:      layout_loops_ring, nicolae_shop_self_help
D:7:      minmay_blocky_corners, layout_gridville, uniq_prince_ribbit1
D:8:      layout_cave_pools
D:9:      layout_gridville, grunt_temple_overflow_diamond,
          mainiacjoe_overflow_catwalk_spiral, enter_bailey_5,
          gammafunk_ghost_smash, hangedman_decor_diamond_cutter, uniq_erica
D:10:     layout_rooms, led_sif_pool, grunt_lair_entry_orc_guard_hut,
          orc_0_dummy
D:11:     minmay_the_grid_square_5x5_4x4_mashed
          [minmay_the_grid_square_5x5_sharp_hourglass,
          minmay_the_grid_square_5x5_three_small,
          minmay_the_grid_square_5x5_shrine2,
          minmay_the_grid_square_5x5_beaten_path,
          minmay_the_grid_square_5x5_meh, minmay_the_grid_square_5x5_prize_junk,
          minmay_the_grid_square_5x5_prize_snowflake,
          minmay_the_grid_square_5x5_doubleslash,
          minmay_the_grid_square_5x5_shrine1,
          minmay_the_grid_square_5x5_prize_itemx,
          minmay_the_grid_square_5x5_prize_rear_guard,
          minmay_the_grid_square_5x5_half_checkered,
          minmay_the_grid_square_5x5_tetrominoes,
          minmay_the_grid_square_5x5_checkered_statues,
          minmay_the_grid_square_5x5_two,
          minmay_the_grid_square_5x5_two_walls_b], layout_basic, special_room
          [special_room_orc], blue_anna_alchemist
D:12:     layout_long_grid
D:13:     layout_cave_pools, uniq_kirke
D:14:     minmay_recursive_quarters, layout_basic, david_vaults_3,
          gammafunk_ghost_crypt, serial_bayou, serial_bayou_crossing,
          serial_bayou_shore_a, serial_bayou_lagoon_a, minivault_7
D:15:     grunt_enter_depths_magical_seal, layout_loops_corners,
          minmay_misc_feat_chi
Temple:   hellmonk_temple_forest_ring
Lair:1:   layout_hall_layers, nicolae_volcano_entry_lava_flow,
          gammafunk_ghost_hydra_chop
Lair:2:   layout_chaotic_city, minivault_24
Lair:3:   layout_cave_pods, minmay_shoals_entry_beasts,
          minmay_snake_entry_six_corridors, portal_ice_cave_demonic_guard,
          infiniplex_staircase_pool
Lair:4:   gammafunk_mikee_crab_dinner, layout_regular_city,
          infiniplex_staircase_pool_2
Lair:5:   minmay_lair_end_frog_pond, layout_regular_city, slime_entry_1,
          nicolae_quartered_pool_medium, uniq_rupert, uniq_sonja
Shoals:1: layout_shoals, serial_shops, shop_scrolls
Shoals:2: dreamdust_from_the_deep, layout_shoals, serial_shops, shop_fountains,
          nicolae_shop_statue_plus, nicolae_shop_statue_plus, shop,
          nicolae_stop_n_shop_1, nicolae_shoals_dead_sea_scrolls,
          uniq_polyphemus
Shoals:3: layout_shoals, st_cyclops, uniq_ilsuiw
Shoals:4: shoals_end_grunt_garden, layout_shoals, uniq_mara
Snake:1:  layout_layer_cave, serial_shops, nicolae_diamond_shop
Snake:2:  layout_grid_maze, serial_shops, nicolae_diamond_shop, shop
Snake:3:  layout_basic, serial_shops, shop, minmay_shop_grove, uniq_nikola
Snake:4:  grunt_snake_rune_pools, layout_rooms, minmay_shop_star,
          uniq_saint_roka
Orc:1:    layout_caves
Orc:2:    st_orc_ogre_mass, layout_caves, serial_shops,
          nicolae_shop_temple_entry_statues_fountains, uniq_maurice,
          uniq_jorgrun, uniq_snorg
Elf:1:    eino_elf_arrival_the_gate, layout_loops_corners,
          minmay_elf_demonology, nicolae_concentric_dashed_squares_wild,
          amcnicky_mini_rare_corridor_liquid, lemuel_statue_altar
Elf:2:    elven_hall_of_blades_hangedman_original
          [nicolae_vaults_blade_armed_guards], layout_gridlike,
          einodemon_armed_red_devil_minivault
Elf:3:    elf_hall, layout_geoelf_grid, minivault_16, minivault_26, uniq_louise,
          uniq_zenata
Vaults:1: nicolae_vaults_little_squares_2, st_cells, vaults_dpeg_hooks,
          nicolae_vaults_stairing_the_circle, hangedman_vaults_pinch,
          vaults_room_octagon, vaults_mumra_hex, vaults_room_fancy_cross,
          nicolae_vaults_little_squares_1, v_rooms_3, v_alt_pattern_5,
          hangedman_vaults_locks, nicolae_vaults_little_squares_6,
          layout_vaults_omnibox
Vaults:2: gammafunk_ghost_tricky_traps, grunt_vaults_hallway_long, v_misc_24,
          ontoclasm_vaults_spin, hangedman_vaults_stagger,
          nicolae_vaults_border_crossing, vaults_room_fours, v_misc_11,
          layout_vaults_maze_snakey, uniq_sojobo
Vaults:3: minmay_crypt_entry_necro_gods, nicolae_vaults_network_star, v_misc_11,
          v_misc_27, nicolae_vaults_big_angled_halls, v_misc_14, v_rooms_4,
          dpeg_vaults_monster_box, ontoclasm_vaults_idyll,
          ontoclasm_vaults_decontamination, layout_vaults_omnicross
Vaults:4: vaults_room_pool, ontoclasm_vaults_shout, hangedman_vaults_unwind,
          nicolae_vaults_alarming, v_misc_14, v_rooms_5, hangedman_vaults_nails,
          grunt_vaults_hallway_long, nicolae_vaults_mini_display_case, v_misc_4,
          ontoclasm_vaults_gateway, ontoclasm_vaults_loading_screen,
          nicolae_vaults_specimen_jars, nicolae_vaults_little_squares_2,
          layout_vaults_big_room
Vaults:5: uniq_margery
Crypt:1:  layout_regular_city, grunt_megastairs_3
Crypt:2:  layout_rooms, serial_sigils_hangedman_shear
Crypt:3:  due_elkab, layout_chaotic_city, basic_altar,
          amcnicky_mini_corridor_feature, nicolae_crypt_knee_deep_in_the_dead
Depths:1: minmay_broken_ring, layout_gridville, grunt_hell_horde,
          minmay_parallelograms, nicolae_kikubaaqudgha_miasma_corner,
          firewood_loft, minmay_shoptagon
Depths:2: minmay_imperfect_grid, layout_small_grid, kennysheep_pointless_box,
          pf_vacation_house_of_asmodeus, rand_demon_pan_entry_3,
          nicolae_ru_great_annihilating_truth
Depths:3: gammafunk_corrupted_shrine, layout_honeycomb, hell_entry,
          serial_shops, nicolae_lakefront_shop, pan_entry,
          minmay_room_of_horrors, nicolae_uskayaw_en_pointe,
          minmay_mirror_moons_of_madness, minmay_staircase_statues
Depths:4: grunt_zot_entry_hairpin, layout_basic, enter_ziggurat_b,
          rand_demon_pan_entry_7, grunt_hell_entry_dis_old, bloody_trog
Zot:1:    kennysheep_blocky_hall, layout_misc_corridors,
          nicolae_transporter_intersection
Zot:2:    layout_gridlike, evilmike_ambush [evilmike_ambush_outer_basic,
          evilmike_ambush_inner_basic]

Skill      XL: |  1  2  3  4  5  6  7  8  9 10 11 12 13 14 15 16 17 18 19 20 21 22 23 |
---------------+----------------------------------------------------------------------+-----
Short Blades   | 2 4 6 8 10 | 10.0
Dodging        | 2 3 6 7 12 13 | 13.3
Stealth        | 5 9 |  9.1
Evocations     | 1 2 10 11 | 11.6
Air Magic      | 1 5 9 13 | 13.0
Fighting       | 3 6 7 13 14 | 14.0
Armour         | 1 3 7 8 10 12 | 12.6
Long Blades    | 5 9 12 | 12.6
Ranged Weapons | 7 10 | 10.3
Shields        | 8 9 15 | 15.0
Translocations | 7 8 13 14 16 | 16.7
Spellcasting   | 4 5 10 14 | 14.7
Conjurations   | 5 10 11 | 11.1
Transmutations | 5 10 11 13 | 13.2

Action                   |  1- 3 |  4- 6 |  7- 9 | 10-12 | 13-15 | 16-18 | 19-21 | 22-24 || total
-------------------------+-------+-------+-------+-------+-------+-------+-------+-------++-------
Melee: Short sword       |   111 |       |       |       |       |       |       |       ||   111
       War axe           |    26 |    41 |       |       |       |       |       |       ||    67
       Dagger            |       |    55 |   265 |   458 |   108 |       |       |       ||   886
       Punch             |       |     2 |     4 |    12 |    15 |       |       |       ||    33
       Scimitar          |       |       |       |   255 |   912 |     8 |       |       ||  1175
       Long sword        |       |       |       |       |   479 |   196 |       |       ||   675
       Demon blade       |       |       |       |       |       |  1837 |  2243 |  1786 ||  5866
       Double sword      |       |       |       |       |       |       |       |   216 ||   216
 Fire: Longbow           |       |       |       |       |     3 |       |       |       ||     3
Throw: Dart              |    21 |       |    79 |    35 |    60 |       |       |       ||   195
       Boomerang         |       |       |       |       |     1 |       |       |       ||     1
 Cast: Vhi's Electric Ch |       |       |       |       |       |    22 |    30 |    11 ||    63
       Manifold Assault  |       |       |       |       |       |       |   267 |   143 ||   410
       Passage of Golubr |       |       |       |       |       |       |     1 |     1 ||     2
       Lesser Beckoning  |       |       |       |       |       |       |     3 |     7 ||    10
       Irradiate         |       |       |       |       |       |       |       |     7 ||     7
       Swiftness         |       |       |       |       |       |       |       |     1 ||     1
Evoke: Wand              |       |       |    16 |    20 |    28 |    25 |     4 |     8 ||   101
       Tin of tremorston |       |       |       |       |     3 |       |     1 |     2 ||     6
       Box of beasts     |       |       |       |       |     3 |     2 |     1 |     2 ||     8
       Lightning rod     |       |       |       |       |       |     2 |     7 |     3 ||    12
       Phantom mirror    |       |       |       |       |       |     2 |     1 |       ||     3
       Condenser vane    |       |       |       |       |       |       |     3 |     2 ||     5
  Use: Scroll            |       |       |     4 |     6 |    20 |    11 |     3 |    31 ||    75
       Potion            |       |       |     1 |     6 |     5 |     3 |     1 |    11 ||    27
 Stab: Sleeping          |     6 |    11 |    10 |     8 |    23 |    33 |    39 |     3 ||   133
       Distracted        |       |       |     1 |       |     9 |     8 |     6 |     5 ||    29
       Invisible         |       |       |       |       |     1 |       |       |       ||     1
Armor: Leather armour    |    27 |       |       |       |       |       |       |       ||    27
       Ring mail         |    23 |    21 |    19 |    35 |   331 |   312 |    73 |       ||   814
       Troll leather arm |       |       |     6 |    78 |       |       |       |       ||    84
       Skin              |       |       |       |    39 |       |       |       |       ||    39
       Ice dragon scales |       |       |       |       |       |       |   138 |    58 ||   196
       Gold dragon scale |       |       |       |       |       |       |       |   495 ||   495
Dodge: Dodged            |    86 |    49 |    90 |   457 |  1026 |  1741 |   890 |   709 ||  5048
Block: Buckler           |       |       |       |       |   108 |   330 |       |       ||   438
       Kite shield       |       |       |       |       |       |  1069 |  1256 |  1323 ||  3648

Table legend: (Time is in decaauts)
 A = Elapsed time spent in this place.
 B = Non-inter-level travel time spent in this place.
 C = Inter-level travel time spent in this place.
 D = Time resting spent in this place.
 E = Time spent auto-exploring this place.
 F = Levels seen in this place.
 G = Mean time per level.
                   A        B        C        D        E       F      G
               +--------+--------+--------+--------+--------+-----+--------+
         Total |  60779 |  52258 |   8521 |   6395 |  30578 |  51 | 1191.7 |
       Dungeon |  16085 |  13094 |   2991 |    865 |   8993 |  15 | 1072.3 |
        Temple |    137 |    137 |      0 |      0 |    121 |   1 |  137.0 |
          Lair |   6580 |   5034 |   1546 |    451 |   2876 |   5 | 1316.0 |
        Shoals |   4149 |   3685 |    464 |    459 |   1838 |   4 | 1037.2 |
     Snake Pit |   5019 |   4598 |    421 |    238 |   3096 |   4 | 1254.8 |
  Orcish Mines |   2114 |   1100 |   1014 |     31 |    793 |   2 | 1057.0 |
   Elven Halls |   3287 |   2906 |    381 |     84 |   2127 |   3 | 1095.7 |
        Vaults |   8494 |   7654 |    840 |   1391 |   3909 |   5 | 1698.8 |
         Crypt |   4627 |   4540 |     87 |    933 |   2681 |   3 | 1542.3 |
        Depths |   5989 |   5256 |    733 |    878 |   3109 |   4 | 1497.2 |
           Zot |   1424 |   1384 |     40 |    274 |    766 |   2 |  712.0 |
        Bailey |    850 |    850 |      0 |    133 |    220 |   1 |  850.0 |
      Ice Cave |   1508 |   1508 |      0 |    597 |     48 |   1 | 1508.0 |
       Volcano |    509 |    509 |      0 |     58 |      0 |   1 |  509.0 |
               +--------+--------+--------+--------+--------+-----+--------+

Top non-repeatable levels by time:
 Crypt:3: 2196 daAuts
Vaults:3: 2194 daAuts
    D:11: 2183 daAuts
Depths:3: 2103 daAuts
Vaults:5: 2075 daAuts
Depths:4: 1955 daAuts
    D:14: 1863 daAuts
  Lair:3: 1710 daAuts
   Orc:2: 1704 daAuts
 Snake:4: 1665 daAuts
Vaults:1: 1593 daAuts
Depths:2: 1561 daAuts
 Snake:1: 1558 daAuts
    D:15: 1550 daAuts
Shoals:2: 1520 daAuts
